 Dungeon Crawl Stone Soup version 0.25-a0-667-gb977e01cb5 (webtiles) character file.

Game seed: 419669018978841378, levelgen mode: deterministic

88485 Norrive the Fighter (level 16, -3/131 HPs)
             Began as a Human Ice Elementalist on Mar 27, 2020.
             Was a High Priest of Ashenzari.
             Shot with a bolt by Vashnia (6 damage)
             ... on level 2 of the Snake Pit.
             The game lasted 02:06:55 (33028 turns).

Norrive the Fighter (Human Ice Elementalist)       Turns: 33028, Time: 02:06:57

Health: -3/131     AC:  8    Str: 11    XL:     16   Next: 40%
Magic:  5/31       EV: 12    Int: 23    God:    Ashenzari [*****.]
Gold:   3577       SH:  6    Dex: 13    Spells: 19/37 levels left

rFire    + . .     SeeInvis +   Q - +1 spear (venom)
rCold    . . .     Gourm    .   C - +0 buckler
rNeg     . . .     Faith    .   V - +0 troll leather armour (curse)
rPois    .         Spirit   .   S - +0 helmet
rElec    .         Reflect  .   y - +0 cloak "Vesar" {rF+ rC- Stlth+}
rCorr    .         Harm     .   o - +0 pair of gloves
MR       ++...     Clarity  +   s - +0 pair of boots
Stlth    ++++......             K - amulet of magic regeneration (curse)
HPRegen  0.71/turn              f - ring of protection from cold (curse)
MPRegen  0.47/turn              R - ring of Horanatz {MR+ Str+2 Slay+2 Stlth+} (curse)

@: lethally poisoned (-3 -> -4)
A: no striking features
a: Curse Item, Scrying, Transfer Knowledge, Renounce Religion


You were on level 2 of the Snake Pit.
You worshipped Ashenzari.
Ashenzari was extremely pleased with you.
You were near starving.

You visited 5 branches of the dungeon, and saw 26 of its levels.
You also visited: Ossuary and Volcano.

You collected 4422 gold pieces.
You spent 845 gold pieces at shops.

Inventory:

Hand Weapons
 a - the +8 hand axe "Gram" {freeze, +Blink +Inv Int+2}
   (You found it on level 1 of the Lair of Beasts)

   It has been specially enchanted to freeze those struck by it, causing extra
   injury to most foes and up to half again as much damage against particularly
   susceptible opponents.
   It can also slow down cold-blooded creatures.
   It affects your intelligence (+2).
   It lets you turn invisible.
   It lets you blink.
 Q - a +1 spear of venom (weapon)
 X - the +8 glaive of the Guard {elec, +Rage AC+5 SInv}
   (You found it on level 1 of the Lair of Beasts)

   Occasionally, upon striking a foe, it will discharge some electrical energy
   and cause terrible harm.
   It affects your AC (+5).
   It lets you see invisible.
   It lets you go berserk.
Missiles
 e - 682 stones (quivered)
 E - 8 curare-tipped darts
Armour
 o - a +0 pair of gloves (worn)
 s - a +0 pair of boots (worn)
 v - a +1 leather armour of fire resistance
 y - the +0 cloak "Vesar" (worn) {rF+ rC- Stlth+}
   (You found it on level 6 of the Dungeon)

   It protects you from fire.
   It makes you vulnerable to cold.
   It makes you more stealthy.
 C - a +0 buckler (worn)
 P - a +0 robe of cold resistance
 S - a +0 helmet (worn)
 V - a cursed +0 troll leather armour (worn)
 Z - a +0 kite shield
Jewellery
 f - a cursed ring of protection from cold (left hand)
 h - an uncursed ring of ice
 x - an uncursed ring of fire
 K - a cursed amulet of magic regeneration (around neck)
 M - an uncursed ring of ice
 R - the cursed ring of Horanatz (right hand) {MR+ Str+2 Slay+2 Stlth+}
   (You bought it in a shop on level 5 of the Dungeon)

   [ring of stealth]

   It affects your strength (+2).
   It affects your accuracy and damage with ranged weapons and melee attacks
   (+2).
   It affects your resistance to hostile enchantments.
   It makes you more stealthy.
   It has a curse placed upon it.
Wands
 u - a wand of acid (8)
 z - a wand of enslavement (9)
 B - a wand of iceblast (15)
 J - a wand of digging (10)
 O - a wand of paralysis (8)
Scrolls
 g - 2 scrolls of fear
 i - 12 scrolls of teleportation
 j - 5 scrolls of magic mapping
 k - 2 scrolls of noise
 p - 4 scrolls of fog
 q - 10 scrolls of remove curse
 A - 4 scrolls of blinking
 F - 3 scrolls of identify
 H - a scroll of summoning
 L - 8 scrolls of enchant weapon
 N - 6 scrolls of enchant armour
 T - 2 scrolls of brand weapon
Potions
 b - 2 potions of invisibility
 d - a potion of cancellation
 l - 3 potions of flight
 m - 4 potions of resistance
 n - 2 potions of heal wounds
 r - a potion of lignification
 t - 5 potions of might
 w - 9 potions of curing
 D - a potion of haste
 G - 6 potions of mutation
 I - 2 potions of magic
 U - 2 potions of ambrosia
 Y - 3 potions of brilliance
Miscellaneous
 W - 2 sacks of spiders
Comestibles
 c - 27 rations


   Skills:
 - Level 13.3 Fighting
 - Level 2.0 Dodging
 - Level 2.0 Stealth
 - Level 7.5 Shields
 + Level 11.1 Spellcasting
 - Level 11.1(14.8) Conjurations
 - Level 8.5(12.4) Summonings
 - Level 11.0(14.7) Ice Magic
 - Level 11.0(14.7) Air Magic


You had 19 spell levels left.
You knew the following spells:

 Your Spells              Type           Power        Failure   Level  Hunger
a - Freeze                Ice            ####         0%          1    None
b - Frozen Ramparts       Ice            ######       1%          3    None
c - Hailstorm             Conj/Ice       ######..     1%          4    None
d - Summon Ice Beast      Ice/Summ       ######..     1%          4    None
e - Freezing Cloud        Conj/Ice/Air   ######....   2%          6    #####..

Your spell library contained the following spells:

 Spells                   Type           Power        Failure   Level  Hunger
 Shock                    Conj/Air       ####         0%          1    None
 Foxfire                  Conj/Fire      ####         1%          1    None
 Summon Small Mammal      Summ           ####         1%          1    None
 Poisonous Vapours        Pois/Air       #####.       1%          2    None
 Swiftness                Chrm/Air       #####...     1%          2    None
 Conjure Flame            Conj/Fire      #####...     1%          3    None
 Mephitic Cloud           Conj/Pois/Air  ######..     1%          3    None
 Ozocubu's Armour         Chrm/Ice       #####...     1%          3    None
 Static Discharge         Conj/Air       ######..     1%          3    None
 Airstrike                Air            ######....   1%          4    None
 Lightning Bolt           Conj/Air       ######....   1%          5    ####...
 Sticky Flame             Conj/Fire      #####...     2%          4    None
 Animate Skeleton         Necr           N/A          5%          1    None
 Apportation              Tloc           ###...       5%          1    None
 Corona                   Hex            ###....      5%          1    None
 Fireball                 Conj/Fire      #####.....   8%          5    ####...
 Irradiate                Conj/Tmut      #####.....   8%          5    ####...
 Inner Flame              Hex/Fire       ###.....     16%         3    None
 Spider Form              Tmut/Pois      ###.......   16%         3    None
 Simulacrum               Ice/Necr       #####.....   41%         6    #####..
 Yara's Violent Unravell  Hex/Tmut       ###.......   82%         5    ####...
 Hydra Form               Tmut           ###.......   100%        6    #####..
 Statue Form              Tmut/Erth      ###......    100%        6    #####..
 Dragon Form              Tmut           ###.......   100%        7    #######
 Ring of Flames           Chrm/Fire      ###.......   100%        7    #######


Dungeon Overview and Level Annotations

Branches:
Dungeon (15/15)            Temple (1/1) D:6            Lair (6/6) D:11
  Swamp (0/4) Lair:3        Snake (2/4) Lair:3        Slime (0/5) Lair:6
    Orc (2/2) D:9             Elf (0/3) Orc:2        Vaults (0/5) D:14
 Depths (0/5) D:15        Ossuary (visited)         Volcano (visited)

Altars:
Ashenzari
Cheibriados
Dithmenos
Elyvilon
Fedhas
Gozag
Hepliaklqana
Kikubaaqudgha
Makhleb
Nemelex Xobeh
Okawaru
Qazlal
Ru
Sif Muna
Trog
Uskayaw
Vehumet
Wu Jian
Xom
Yredelemnul
Zin
The Shining One
Beogh

Shops:
D:5 =   D:10 ?   D:11 ?   Orc:1 :*   Orc:2 ?(*?(

Annotations:
D:14 3 runed translucent doors, Boliniamn's ghost, journeyman MiBe
Snake:2 Vashnia


Message History

The splash of poison hits you.
You are more poisoned.
* * * LOW HITPOINT WARNING * * *
Vashnia is engulfed in freezing vapours.
Vashnia shoots a bolt.
The bolt hits you.
* * * LOW HITPOINT WARNING * * *
The naga sharpshooter is engulfed in freezing vapours.
The naga sharpshooter spits poison at you.
You block the splash of poison.
There is a stone staircase leading up, spattered with blood here.
Things that are here:
4 bolts; 3 arrows You feel sick.
The naga sharpshooter is engulfed in freezing vapours.
You kill the naga sharpshooter!
Vashnia is engulfed in freezing vapours.
Vashnia shoots a bolt.
The bolt hits you!!
* * * LOW HITPOINT WARNING * * *
The bolt burns you.
You die...

.|# ,,* ⌠.⌠####*, ,
* * *, ,,.,
,......., , * ,*
#.* #..... * * ,,
,**#.###.... ** ,**
** *,,,{{
N##§......#* *, *
**,** ,**
,{,...§§N....## *,
, *,,, **
{,...§§§.....## , ,
**
,...§N§(.(...##..#*
,,,, **,,,
{....##(.@(....# *
, * , ,, ,. *
##....(.##* , *
,,,, ,*** ########*
,,* , * , , ,* *, *
*,,,*** { *,, * **
*** ,,* ,, ,, , ,
***,, * * * *


You could see Vashnia and a naga sharpshooter.

Vanquished Creatures
  An ogre mage (D:15)
  A yaktaur captain (D:15)
  Josephine (Orc:2)
  3 hydras (Lair:4)
  2 catoblepae
  An anaconda (Snake:2)
  3 two-headed ogres
  A dancing weapon (Volcano)
  2 orc high priests (Orc:2)
  2 death yaks (Lair:6)
  4 naga sharpshooters
  Sonja (Lair:5)
  A skeletal warrior (D:10)
  3 wizards (Volcano)
  2 unseen horrors
  A deep troll (D:14)
  5 ugly things
  4 orc knights (Orc:2)
  A mana viper (Snake:1)
  2 cyclopes (D:14)
  2 orc sorcerers (Orc:2)
  An oklob plant (Lair:1)
  A salamander (Snake:1)
  2 deep elf magi (D:15)
  8 elephants
  3 manticores
  2 black mambas
  A centaur zombie (D:12)
  4 naga magi (Snake:1)
  A toenail golem (Volcano)
  3 gargoyles
  5 spiny frogs
  4 komodo dragons
  6 yaktaurs
  A rime drake (Lair:2)
  2 trolls
  A freezing wraith (D:11)
  A queen bee (shapeshifter) (D:15)
  2 slime creatures
  A hornet (D:12)
  Prince Ribbit (D:7)
  7 blink frogs
  6 hippogriffs
  A bog body (Lair:3)
  2 dream sheep
  A meliai zombie (D:13)
  A shadow (D:14)
  2 wyverns (D:15)
  35 yaks
  2 vampires
  3 wraiths (Orc:2)
  A basilisk (D:11)
  A steam dragon (Lair:2)
  A hungry ghost (D:9)
  A swamp worm (Lair:3)
  4 vampire mosquitoes
  2 wargs (D:9)
  15 nagas
  A soldier ant (D:12)
  2 water moccasins
  4 porcupines
  20 orc warriors
  A black bear (D:7)
  9 sky beasts
  4 ice beasts
  4 phantoms
  14 wolves
  16 centaurs
  6 ogres
  4 boggarts (D:15)
  13 crocodiles
  An elf zombie (D:15)
  12 bullfrogs
  2 big kobolds
  3 scorpions
  A troll zombie (D:15)
  A water moccasin skeleton (D:12)
  6 killer bees (D:8)
  20 wights
  2 howler monkeys (D:13)
  An electric eel (Lair:3)
  A crimson imp (D:8)
  5 hounds
  A bullfrog zombie (D:12)
  5 jellies
  5 centaur skeletons
  3 human zombies
  10 orc priests
  4 iguanas
  11 orc wizards
  Ijyb (D:4)
  Natasha (twice) (D:2)
  8 worker ants
  2 hound skeletons
  5 mummies
  3 gnolls (D:6)
  A howler monkey skeleton (D:8)
  3 adders
  4 shadow imps
  An ooze (D:2)
  2 adder zombies
  2 dart slugs
  6 leopard geckos
  73 orcs
  7 giant cockroaches
  A gnoll zombie (Ossuary)
  6 goblins
  6 hobgoblins
  8 jackals
  5 quokkas
  A ball python (D:1)
  6 bats
  9 frilled lizards
  2 goblin zombies (Ossuary)
  A hobgoblin zombie (Ossuary)
  14 kobolds
  A kobold zombie (Ossuary)
  An orc zombie (Ossuary)
  8 rats (D:1)
  2 plants
561 creatures vanquished.

Vanquished Creatures (collateral kills)
  Snorg (D:11)
  4 hydras
  2 catoblepae (Lair:6)
  4 centaur warriors
  A death knight (D:11)
  3 two-headed ogres
  3 death yaks (Lair:6)
  A deep troll shaman (Lair:6)
  An orc high priest (Orc:2)
  2 naga sharpshooters
  An unseen horror (D:15)
  2 wizards (Volcano)
  A deep elf mage (D:12)
  A phantasmal warrior (D:11)
  An ugly thing (D:14)
  3 oklob plants (Lair:1)
  An orc sorcerer (Orc:2)
  2 salamanders (Snake:1)
  2 centaur zombies
  A black mamba (Lair:2)
  4 toenail golems (Volcano)
  A naga mage (Snake:1)
  5 elephants
  A centaur skeleton (D:14)
  3 rime drakes
  5 spiny frogs
  7 komodo dragons
  A queen bee (shapeshifter) (D:14)
  2 trolls
  A bog body (Lair:3)
  A blink frog (Lair:6)
  8 dream sheep
  A hippogriff (Lair:6)
  7 slime creatures
  A wraith (D:11)
  18 yaks
  A wyvern (D:12)
  3 basilisks
  Grum (D:11)
  A golden eye (shapeshifter) (D:13)
  2 vampire mosquitoes
  6 nagas
  A swamp worm (Lair:3)
  6 water moccasins
  2 wargs
  5 porcupines
  3 black bears
  An ice beast (D:9)
  4 orc warriors
  2 eyes of draining (D:15)
  5 ogres
  8 crocodiles
  6 wolves
  3 centaurs
  6 bullfrogs
  An elf zombie (D:15)
  A wight (D:13)
  3 hounds
  A jelly (D:15)
  2 human zombies (D:15)
  5 orc priests
  A bullfrog skeleton (D:12)
  A human skeleton (D:15)
  An iguana (D:11)
  7 orc wizards
  A worker ant (D:13)
  An adder (D:12)
  2 shadow imps (D:9)
  A leopard gecko (D:10)
  10 orcs
  2 quokkas (D:10)
  2 butterflies (Lair:4)
  2 fungi
  A plant (Lair:1)
214 creatures vanquished.

Vanquished Creatures (others)
  A yaktaur (D:15)
  An orc warrior (D:12)
  2 orc wizards
  3 orcs (D:12)
  A bush (D:11)
  10 fungi
  22 plants
40 creatures vanquished.

Grand Total: 815 creatures vanquished

Notes
Turn   | Place    | Note
-------+----------+-------------------------------------------
     0 | D:1      | Norrive the Human Ice Elementalist began the quest for the
                  | Orb.
     0 | D:1      | Reached XP level 1. HP: 13/13 MP: 3/3
   126 | D:1      | Reached skill level 1 in Fighting
   212 | D:1      | Reached XP level 2. HP: 21/21 MP: 1/5
   980 | D:1      | Reached XP level 3. HP: 27/27 MP: 3/6
  1107 | D:2      | Noticed Natasha
  1115 | D:2      | Killed Natasha
  1115 | D:2      | Reached skill level 2 in Fighting
  1115 | D:2      | Reached XP level 4. HP: 13/34 MP: 1/8
  1537 | D:2      | Noticed Natasha
  1844 | D:1      | Learned a level 3 spell: Frozen Ramparts
  1853 | D:2      | Killed Natasha
  2269 | D:3      | Learned a level 4 spell: Hailstorm
  2336 | D:3      | Reached XP level 5. HP: 40/40 MP: 9/9
  2439 | D:3      | Reached skill level 3 in Fighting
  2499 | D:3      | Reached skill level 1 in Conjurations
  2987 | D:4      | Found a white marble altar of Elyvilon.
  3076 | D:4      | Reached XP level 6. HP: 32/47 MP: 7/11
  3337 | D:4      | Noticed Ijyb
  3351 | D:4      | Killed Ijyb
  3880 | D:4      | Reached skill level 4 in Fighting
  4101 | D:5      | Entered Level 5 of the Dungeon
  4153 | D:5      | Reached XP level 7. HP: 49/54 MP: 7/13
  4248 | D:5      | Found Woca's Jewellery Boutique.
  4724 | D:5      | Reached skill level 5 in Fighting
  4724 | D:5      | Reached skill level 5 in Spellcasting
  4724 | D:5      | Reached XP level 8. HP: 62/62 MP: 15/15
  4910 | D:6      | Found a sparkling altar of Nemelex Xobeh.
  4994 | D:6      | Got a fine cloak
  5033 | D:6      | Reached skill level 5 in Conjurations
  5086 | D:6      | Reached skill level 5 in Ice Magic
  5300 | D:6      | Found a staircase to the Ecumenical Temple.
  5376 | Temple   | Entered the Ecumenical Temple
  5597 | Temple   | Became a worshipper of Ashenzari the Shackled
  5902 | D:7      | Reached XP level 9. HP: 68/68 MP: 12/16
  5913 | D:7      | Found a sand-covered staircase.
  5950 | Ossuary  | Entered an ossuary
  6834 | Ossuary  | Identified the +0 cloak "Vesar" {rF+ rC- Stlth+} (You found
                  | it on level 6 of the Dungeon)
  7213 | D:7      | Found an iron altar of Okawaru.
  7310 | D:7      | Learned a level 4 spell: Summon Ice Beast
  7323 | D:7      | Found an ornate altar of the Wu Jian Council.
  7353 | D:7      | Reached skill level 1 in Summonings
  7456 | D:7      | Noticed Prince Ribbit
  7470 | D:7      | Killed Prince Ribbit
  8496 | D:8      | Reached XP level 10. HP: 67/74 MP: 13/21
  9091 | D:8      | Reached skill level 5 in Summonings
  9945 | D:9      | Noticed a two-headed ogre
  9972 | D:9      | Killed a two-headed ogre
 10437 | D:9      | Paralysed by fainting for 7 turns
 10686 | D:9      | Found a staircase to the Orcish Mines.
 10698 | D:9      | Reached skill level 10 in Spellcasting
 10936 | D:9      | Reached XP level 11. HP: 78/79 MP: 22/25
 11291 | D:10     | Entered Level 10 of the Dungeon
 11589 | D:10     | Got the long sword of Toefreulao {flame, rElec Stlth+}
 11653 | D:10     | Reached * piety under Ashenzari
 11702 | D:10     | Found Cacaotry's Magic Scroll Shop.
 11730 | D:10     | Noticed a two-headed ogre
 11757 | D:10     | Killed a two-headed ogre
 12304 | D:11     | Noticed a phantasmal warrior
 12527 | D:11     | Found Urghuipn's Magic Scroll Boutique.
 12555 | D:11     | Noticed a manticore
 12576 | D:11     | Killed a manticore
 12683 | D:11     | Noticed a two-headed ogre
 12693 | D:11     | Killed a two-headed ogre
 12780 | D:11     | Noticed Grum
 12790 | D:11     | Killed Grum
 13032 | D:11     | Reached ** piety under Ashenzari
 13320 | D:11     | Noticed Snorg
 13335 | D:11     | Killed Snorg
 13346 | D:11     | Found a staircase to the Lair.
 13557 | D:11     | Killed an unseen horror
 13557 | D:11     | Reached XP level 12. HP: 79/86 MP: 22/26
 14005 | D:11     | Noticed a death knight
 14022 | D:11     | Noticed a skeletal warrior
 14182 | Lair:1   | Entered Level 1 of the Lair of Beasts
 14270 | Lair:1   | Learned a level 6 spell: Freezing Cloud
 14358 | Lair:1   | Reached skill level 6 in Fighting
 14447 | Lair:1   | Reached skill level 1 in Air Magic
 14619 | Lair:1   | Reached skill level 7 in Fighting
 14691 | Lair:1   | Found the +8 glaive of the Guard {elec, +Rage AC+5 SInv}
 15447 | Lair:1   | Got the hand axe "Gram" {freeze, +Blink +Inv Int+2}
 16185 | Lair:2   | Noticed a catoblepas
 16209 | Lair:2   | Killed a catoblepas
 16503 | Lair:2   | Reached skill level 8 in Fighting
 16557 | Lair:2   | Noticed a seven-headed hydra
 16571 | Lair:2   | Reached skill level 5 in Air Magic
 16574 | Lair:2   | Killed a seven-headed hydra
 16709 | Lair:2   | Reached XP level 13. HP: 99/99 MP: 17/27
 16832 | Lair:2   | Identified a scroll of acquirement
 16849 | Lair:2   | Reached *** piety under Ashenzari
 17403 | Lair:3   | Identified the Almanac of Autotheism
 17414 | Lair:3   | Reached skill level 9 in Fighting
 17573 | Lair:3   | Found a staircase to the Snake Pit.
 17859 | Lair:3   | Found a staircase to the Swamp.
 18220 | Lair:4   | Reached skill level 10 in Fighting
 18369 | Lair:4   | Noticed an eight-headed hydra
 18379 | Lair:4   | Killed an eight-headed hydra
 18593 | Lair:4   | Reached **** piety under Ashenzari
 18669 | Lair:4   | Noticed an eight-headed hydra
 18673 | Lair:4   | Killed an eight-headed hydra
 18678 | Lair:4   | Noticed an eight-headed hydra
 18691 | Lair:4   | Killed an eight-headed hydra
 19342 | Lair:4   | Noticed a catoblepas
 19360 | Lair:4   | Killed a catoblepas
 19528 | Lair:5   | Noticed a five-headed hydra
 19540 | Lair:5   | Killed a five-headed hydra
 19950 | Lair:5   | Noticed Sonja
 19972 | Lair:5   | Killed Sonja
 20237 | Lair:5   | Reached XP level 14. HP: 88/111 MP: 25/28
 20465 | Lair:6   | Entered Level 6 of the Lair of Beasts
 20806 | Lair:6   | Reached skill level 11 in Fighting
 20834 | Lair:6   | Found a staircase to the Slime Pits.
 20860 | Lair:6   | Found a dark tunnel.
 20867 | Volcano  | Entered a volcano
 21498 | Lair:6   | Reached skill level 10 in Ice Magic
 21500 | Lair:6   | Reached skill level 10 in Conjurations
 21523 | Lair:6   | Reached skill level 1 in Shields
 21817 | Lair:6   | Reached ***** piety under Ashenzari
 22207 | Lair:6   | Reached skill level 10 in Air Magic
 23031 | D:5      | Bought the ring of Horanatz {MR+ Str+2 Slay+2 Stlth+} for
                  | 555 gold pieces
 23114 | Orc:1    | Entered Level 1 of the Orcish Mines
 23162 | Orc:1    | Found Huokhlut's Book Shoppe.
 23164 | Orc:1    | Found Mupy's General Store.
 23339 | Orc:2    | Entered Level 2 of the Orcish Mines
 23419 | Orc:2    | Found Hoask's Magic Scroll Boutique.
 23509 | Orc:2    | Bought a scroll of enchant weapon for 105 gold pieces
 23930 | Orc:2    | Noticed Josephine
 23938 | Orc:2    | Killed Josephine
 23938 | Orc:2    | Reached XP level 15. HP: 120/120 MP: 25/29
 23946 | Orc:2    | Found a staircase to the Elven Halls.
 24106 | Orc:2    | Reached skill level 12 in Fighting
 24444 | Orc:2    | Found Kiubbios's Weapon Shoppe.
 24444 | Orc:2    | Found Rad Noq's Magic Scroll Shop.
 24446 | Orc:2    | Found Gudekh's General Store.
 24446 | Orc:2    | Found Acauxketozo's Antique Weapon Shop.
 24454 | Orc:2    | Bought a scroll of remove curse for 42 gold pieces
 24457 | Orc:2    | Bought a scroll of remove curse for 33 gold pieces
 24457 | Orc:2    | Bought a scroll of identify for 22 gold pieces
 24457 | Orc:2    | Bought 3 scrolls of identify for 66 gold pieces
 24457 | Orc:2    | Bought a scroll of identify for 22 gold pieces
 24709 | Orc:1    | Found a shimmering altar of Xom.
 25577 | D:11     | Found a staircase to the Lair.
 25812 | D:11     | Found Urghuipn's Magic Scroll Boutique.
 26111 | D:11     | Found Urghuipn's Magic Scroll Boutique.
 26158 | D:11     | Found a staircase to the Lair.
 27872 | D:13     | Found a radiant altar of Vehumet.
 28202 | D:14     | Found a gate to the Vaults.
 28253 | D:14     | Reached skill level 5 in Shields
 28514 | D:14     | Found a roughly hewn altar of Beogh.
 28598 | D:14     | Found a blossoming altar of Fedhas.
 29366 | D:14     | Noticed Boliniamn's ghost (journeyman MiBe)
 29380 | D:14     | Found a runed translucent gate.
 29380 | D:14     | Found a runed translucent gate.
 29380 | D:14     | Found a runed translucent gate.
 29473 | D:15     | Entered Level 15 of the Dungeon
 29964 | D:15     | Found a basalt altar of Yredelemnul.
 30297 | D:15     | Reached skill level 13 in Fighting
 30298 | D:15     | Reached XP level 16. HP: 130/130 MP: 17/30
 31248 | D:15     | Found a staircase to the Depths.
 31961 | Snake:1  | Entered Level 1 of the Snake Pit
 32918 | Snake:2  | Noticed Vashnia
 33028 | Snake:2  | HP: 3/131 [Vashnia/bolt (31)]
 33028 | Snake:2  | Shot with a bolt by Vashnia

Levels and vault maps discovered:
D:1:      dpeg_arrival_lava_altar, layout_basic, minmay_rat_gold_closets
D:2:      layout_rooms, uniq_natasha
D:3:      layout_loops_ring
D:4:      layout_basic, elyvilon_altar_4, serial_rivers,
          chequers_serial_rivers_micro_b, chequers_serial_rivers_micro_d,
          chequers_serial_rivers_micro_c, chequers_serial_rivers_small_a,
          chequers_serial_rivers_marsh, minmay_fountain_box, uniq_ijyb
D:5:      layout_loops_ring, serial_shops, kennysheep_little_box, first_ration,
          minmay_holes
D:6:      layout_basic, lemuel_crystal_altar,
          minmay_temple_entry_enclosed_plants
D:7:      layout_basic, grunt_temple_overflow_open,
          nicolae_ossuary_entry_monument, uniq_prince_ribbit1
D:8:      layout_loops_ring
D:9:      layout_roguey, minmay_orc_entry_guard_dogs,
          chequers_serial_rivers_micro_a
D:10:     layout_big_octagon, serial_shops, shop
D:11:     layout_grid_maze, minmay_lair_entry_grove, serial_shops,
          nicolae_shop_waterfront, uniq_snorg, uniq_grum
D:12:     layout_rooms, lemuel_flamethrower_1
D:13:     layout_roguey, basic_altar
D:14:     layout_roguey [special_room_orc], david_vaults_4,
          maelrawn_ghost_gauntlet_escape, fedhas_altar_fruit_tree
D:15:     grunt_enter_depths_snipers, layout_stronghold,
          lemuel_mausoleum_altar_yredelemnul
Temple:   dpeg_five_rooms_temple
Lair:1:   layout_small_grid, minmay_lair_oklob_chamber
Lair:2:   layout_hall_layers, hangedman_lair_generics_rect
Lair:3:   layout_cave_shapes, nicolae_swamp_entry_splash_gauntlet,
          minmay_snake_entry_guardpost_medium
Lair:4:   layout_small_grid, kennysheep_catoblepas_arena, lemuel_fruit_fields
Lair:5:   layout_misc_corridors, lemuel_fruit_fields, uniq_sonja
Lair:6:   grunt_lair_end_beastmaster, layout_regular_city, slime_dummy,
          enter_volcano_4, nicolae_lair_yak_garden, grunt_megastairs_1
Snake:1:  layout_concentric_octagons
Snake:2:  gammafunk_the_bubble [the_bubble_gammafunk_crates], layout_layer_cave,
          basic_altar, st_stairs_4, nicolae_coiled_stairwell_down, uniq_vashnia
Orc:1:    layout_caves, basic_altar, serial_shops, shop, shop
Orc:2:    grunt_orc_tribal_feast, layout_diamond_mine, serial_shops, shop,
          uniq_josephine

Skill      XL: |  1  2  3  4  5  6  7  8  9 10 11 12 13 14 15 16 |
---------------+-------------------------------------------------+-----
Fighting       | 1 2 3 4 5 8 10 11 13 | 13.3
Spellcasting   | 3 4 5 7 10 11 | 11.1
Conjurations   | 1 2 3 5 6 8 9 10 11 | 11.1
Ice Magic      | 5 6 8 9 10 11 | 11.0
Summonings     | 3 6 8 |  8.5
Air Magic      | 5 8 10 11 | 11.0
Shields        | 3 6 7 |  7.5
Dodging        | |  2.0
Stealth        | |  2.0

Action                   |  1- 3 |  4- 6 |  7- 9 | 10-12 | 13-15 | 16-18 || total
-------------------------+-------+-------+-------+-------+-------+-------++-------
Melee: Unarmed           |     1 |     2 |       |       |       |       ||     3
       Dagger            |     3 |    45 |   237 |   174 |       |       ||   459
       Spear             |       |       |       |   183 |   644 |    61 ||   888
 Cast: Freeze            |    43 |    47 |    32 |    11 |     6 |       ||   139
       Frozen Ramparts   |       |    16 |    30 |    64 |   102 |    22 ||   234
       Hailstorm         |       |       |    23 |    42 |    69 |    15 ||   149
       Summon Ice Beast  |       |       |       |   100 |   205 |    24 ||   329
       Freezing Cloud    |       |       |       |       |     5 |     2 ||     7
Invok: Curse Item        |       |       |       |     3 |     1 |     1 ||     5
Evoke: Wand              |       |       |     4 |     5 |     7 |       ||    16
  Use: Scroll            |       |       |     8 |     2 |    24 |       ||    34
       Potion            |       |       |       |       |     4 |     2 ||     6
 Stab: Sleeping          |       |       |     3 |     7 |    13 |     2 ||    25
       Distracted        |       |       |     1 |     4 |     8 |       ||    13
  Eat: Chunk             |     1 |     9 |     8 |    21 |    42 |     4 ||    85
       Ration            |       |     1 |     2 |     5 |     3 |     1 ||    12
Armor: Robe              |     3 |       |       |       |       |       ||     3
       Leather armour    |     4 |    19 |    71 |    81 |       |       ||   175
       Troll leather arm |       |       |       |    37 |   134 |    10 ||   181
Dodge: Dodged            |    23 |    54 |   136 |   226 |   279 |    38 ||   756
Block: Kite shield       |       |       |       |    10 |    67 |       ||    77
       Buckler           |       |       |       |       |    28 |    31 ||    59

Table legend:
 A = Non-vault XP
 B = Vault XP
 C = Vault XP percentage of total XP
 D = Non-vault monster count
 E = Vault monster count
 F = Vault count percentage of total count
                 A         B        C        D         E       F
            +---------+---------+-------+---------+---------+-------
      Total |   82390 |   44018 |  34.8 |     581 |     189 |  24.5
            +---------+---------+-------+---------+---------+-------
        D:1 |      27 |       6 |  18.2 |      17 |       6 |  26.1
        D:2 |      62 |      35 |  36.1 |      14 |       1 |   6.7
        D:3 |      78 |       0 |   0.0 |      14 |       0 |   0.0
        D:4 |     243 |      38 |  13.5 |      12 |       1 |   7.7
        D:5 |     634 |       0 |   0.0 |      15 |       0 |   0.0
        D:6 |     771 |       0 |   0.0 |      25 |       0 |   0.0
        D:7 |    1333 |     274 |  17.1 |      34 |       1 |   2.9
        D:8 |    1979 |       0 |   0.0 |      46 |       0 |   0.0
        D:9 |    2066 |     332 |  13.8 |      22 |       2 |   8.3
       D:10 |    2907 |       0 |   0.0 |      27 |       0 |   0.0
       D:11 |    4191 |    2611 |  38.4 |      19 |      17 |  47.2
       D:12 |    4304 |       0 |   0.0 |      33 |       0 |   0.0
       D:13 |    4810 |       0 |   0.0 |      43 |       0 |   0.0
       D:14 |    8699 |    2779 |  24.2 |      26 |      30 |  53.6
       D:15 |   11269 |    2671 |  19.2 |      39 |      15 |  27.8
     Lair:1 |    5212 |    1755 |  25.2 |      31 |       7 |  18.4
     Lair:2 |    2310 |    2638 |  53.3 |      12 |       7 |  36.8
     Lair:3 |    2766 |    1561 |  36.1 |      18 |      11 |  37.9
     Lair:4 |    5379 |    1161 |  17.8 |      27 |       2 |   6.9
     Lair:5 |    6618 |    1018 |  13.3 |      25 |       3 |  10.7
     Lair:6 |    7016 |    9001 |  56.2 |      31 |      27 |  46.6
    Snake:1 |    7928 |       0 |   0.0 |      27 |       0 |   0.0
    Snake:2 |     851 |    3336 |  79.7 |       1 |       4 |  80.0
      Orc:1 |     171 |       0 |   0.0 |       8 |       0 |   0.0
      Orc:2 |     766 |    8828 |  92.0 |      15 |      33 |  68.8
    Ossuary |       0 |     146 | 100.0 |       0 |      11 | 100.0
    Volcano |       0 |    5828 | 100.0 |       0 |      11 | 100.0
            +---------+---------+-------+---------+---------+-------
